 Dungeon Crawl Stone Soup version 0.27.0-1-g7a089689b8 (webtiles) character file.

Game seed: 8966999727662019730

409 Janosik the Conjurer (level 7, -1/50 HPs)
             Began as a Formicid Conjurer on July 31, 2021.
             Slain by a water moccasin (7 damage)
             ... on level 5 of the Dungeon.
             The game lasted 00:14:42 (4088 turns).

Janosik the Conjurer (Formicid Conjurer)            Turns: 4088, Time: 00:14:43

Health: -1/50      AC:  3    Str: 11    XL:     7   Next: 13%
Magic:  12/12      EV: 12    Int: 18    God:
Gold:   179        SH:  0    Dex: 11    Spells: 4/13 levels left

rFire    . . .     SeeInvis +   a - +0 hunting sling
rCold    . . .     Faith    +   (no shield)
rNeg     . . .     Spirit   .   q - +0 robe
rPois    .         Reflect  .   (helmet unavailable)
rElec    .         Harm     .   l - +0 cloak
rCorr    .         Rampage  .   (no gloves)
Will     .....                  (no boots)
Stlth    ++........             h - amulet of faith
HPRegen  0.16/turn              i - ring of wizardry
MPRegen  0.13/turn              (no ring)

@: lethally poisoned (-1 -> -9)
A: permanent stasis, dig shafts and tunnels, antennae 3, four strong arms
a: Dig, Shaft Self


You were on level 5 of the Dungeon.
You visited 1 branch of the dungeon, and saw 6 of its levels.

You collected 179 gold pieces.

Inventory:

Hand Weapons
 a - a +0 hunting sling (weapon)
Missiles
 d - 126 stones (quivered ammo)
 g - 48 bolts
 k - 7 arrows
 o - 2 throwing nets
Armour
 l - a +0 cloak (worn)
 q - a +0 robe (worn)
Jewellery
 h - an amulet of faith (around neck)
 i - a ring of wizardry (left hand)
Scrolls
 c - 2 scrolls of blinking {unknown}
 e - a scroll of identify {unknown}
 m - a scroll of noise {unknown}
 n - a scroll of enchant weapon {unknown}
 p - 2 scrolls of teleportation {unknown}
 r - a scroll of enchant armour {unknown}
Potions
 b - a potion of curing {unknown}
 f - a potion of mutation {unknown}
 j - a potion of berserk rage {unknown}


   Skills:
 - Level 2.0 Fighting
 - Level 2.0 Armour
 - Level 1.7 Dodging
 - Level 2.4 Stealth
 * Level 3.8 Spellcasting
 - Level 6.0 Conjurations
 * Level 1.0 Poison Magic


You had 4 spell levels left.
You knew the following spells:

 Your Spells              Type           Power      Damage    Failure   Level
a - Searing Ray           Conj           50%        3d5       1%          2
b - Conjure Flame         Conj/Fire      14%        6-21      5%          3
c - Magic Dart            Conj           100%       1d8       1%          1
d - Mephitic Cloud        Conj/Pois/Air  11%        N/A       7%          3

Your spell library contained the following spells:

 Spells                   Type           Power      Damage    Failure   Level
 Dazzling Flash           Conj/Hex       28%        N/A       5%          3
 Call Imp                 Summ           3%         N/A       9%          2
 Slow                     Hex            3%         N/A       9%          2
 Ignite Poison            Fire/Tmut/Pois 4%         N/A       16%         3
 Confusing Touch          Hex            3%         N/A       17%         3
 Vampiric Draining        Necr           1%         2d6       17%         3
 Fulminant Prism          Conj/Hex       7%         3d7       17%         4
 Iskenderun's Mystic Bla  Conj/Tloc      14%        2d5       17%         4
 Sticky Flame             Conj/Fire      14%        2d4       17%         4
 Bolt of Magma            Conj/Fire/Erth 5%         4d5       56%         5
 Manifold Assault         Tloc           3%         N/A       82%         5
 Storm Form               Tmut/Air       1%         N/A       100%        7
 Blink                    Tloc           Unusable   N/A       N/A         2

Dungeon Overview and Level Annotations

Branches:
Dungeon (6/15)
 Temple: D:4-7

Altars:
Ashenzari
Nemelex Xobeh
Trog
Wu Jian
Yredelemnul
Zin

Annotations:
D:1 Jessica
D:2 1 runed translucent door, exclusion: goblin, Crazy Yiuf, Natasha, Sigmund
D:3 exclusions: gnoll, hobgoblin, kobold and 2 sensed monsters (detected)
D:4 Robin


Innate Abilities, Weirdness & Mutations

You cannot be hasted, slowed, berserked, paralysed or teleported.
You can dig through walls and to a lower floor.
You have a pair of large antennae on your head. (SInv)
Your four strong arms can wield two-handed weapons with a shield.


Message History

You dig through the rock wall.
You dig through the rock wall.
You dig through the rock wall.
You dig through the rock wall.
You hear a shout!
You hear an angry hiss.
You retract your mandibles.
A water moccasin comes into view.
The water moccasin barely misses you. The water moccasin bites you.
The water moccasin bites you but does no damage.
The water moccasin closely misses you.
The orc wizard gestures at you while chanting.
The magic dart hits you!
The orc wizard casts a spell.
The orc wizard flickers and vanishes for a moment.
The water moccasin bites you!
A worm comes into view.
The water moccasin bites you.
You are poisoned.
The water moccasin poisons you!
You feel very sick.
You feel very sick. The water moccasin closely misses you.
You feel sick.
You feel sick.
You feel sick. The water moccasin closely misses you.
You feel sick.
You feel sick. The water moccasin bites you.
You are lethally poisoned!
The water moccasin poisons you!
You feel very sick.
You feel very sick. The water moccasin closely misses you.
There is a stone staircase leading down here.
You feel sick. The water moccasin bites you!
You die...

{ #.# { ## #.# { .#### #.#
##....###.## .# #.##
.....# #.# ###)##
#..########.... .###)##
##.....#@.....#
{##.#.###...##.S.###..#
.#.###.#..##.##o......####
..## ##).####...#...#.....
.## #.####.T###†###....#
.# ####.#.........†...##..
.###..T.o.##............#
...#.##.###...####.####...
##...##.# #...##.....##.##


You could see a troll, a water moccasin and an orc wizard (invisible).

Vanquished Creatures
  A centaur (D:4)
  2 iguanas
  A scorpion zombie (D:5)
  A killer bee zombie (D:5)
  10 gnolls
  5 adders
  4 worms (D:2)
  3 dart slugs
  3 orcs
  6 endoplasms
  A giant cockroach (D:3)
  8 goblins
  4 hobgoblins
  9 jackals
  8 kobolds
  A quokka (D:3)
  6 ball pythons
  3 bats
  2 frilled lizards
  A rat (D:1)
79 creatures vanquished.

Notes
Turn   | Place    | Note
-------+----------+-------------------------------------------
     0 | D:1      | Janosik the Formicid Conjurer began the quest for the Orb.
     0 | D:1      | Reached XP level 1. HP: 13/13 MP: 3/3
   188 | D:1      | Reached XP level 2. HP: 19/19 MP: 0/5
   191 | D:1      | Learned a level 2 spell: Searing Ray
   221 | D:1      | Reached skill level 4 in Conjurations
   277 | D:1      | Found a faded altar of an unknown god.
   797 | D:2      | Reached XP level 3. HP: 23/24 MP: 4/6
  1103 | D:2      | Noticed Natasha
  1336 | D:2      | Reached XP level 4. HP: 19/30 MP: 0/7
  1407 | D:2      | Reached skill level 5 in Conjurations
  1439 | D:2      | Found a runed translucent door.
  1440 | D:2      | Noticed Crazy Yiuf
  1638 | D:2      | Noticed Sigmund
  1765 | D:2      | Noticed Jessica
  2478 | D:3      | Found a bloodstained altar of Trog.
  2504 | D:3      | Learned a level 3 spell: Conjure Flame
  2727 | D:3      | Reached XP level 5. HP: 36/36 MP: 0/8
  2769 | D:3      | Found a glowing silver altar of Zin.
  2769 | D:3      | Found an ornate altar of the Wu Jian Council.
  2769 | D:3      | Found a sparkling altar of Nemelex Xobeh.
  2797 | D:3      | Found a broken altar of Ashenzari.
  2870 | D:3      | Reached skill level 1 in Fighting
  3128 | D:3      | Reached skill level 1 in Armour
  3455 | D:4      | Reached XP level 6. HP: 43/43 MP: 4/10
  3507 | D:4      | Noticed Robin
  3736 | D:4      | You fall into a shaft and drop 2 floors!
  3839 | D:5      | Entered Level 5 of the Dungeon
  3956 | D:5      | Reached XP level 7. HP: 45/50 MP: 3/12
  3960 | D:5      | Learned a level 3 spell: Mephitic Cloud
  3993 | D:5      | Found a basalt altar of Yredelemnul.
  4001 | D:5      | Reached skill level 6 in Conjurations
  4001 | D:5      | Reached skill level 1 in Poison Magic
  4051 | D:5      | Noticed a troll
  4072 | D:5      | Noticed a water moccasin
  4088 | D:5      | Slain by a water moccasin

Illustrated notes

Levels and vault maps discovered:
D:1:      dpeg_arrival_oval, layout_basic,
          hellmonk_ecumenical_altar_heavens_door, st_stairs_12
D:2:      layout_loops_corners, minmay_distorted, uniq_jessica, uniq_sigmund,
          uniq_crazy_yiuf_cottage, uniq_natasha
D:3:      minmay_goblin_kobold_castle, layout_basic,
          grunt_temple_overflow_cloverleaf, mainiacjoe_overflow_catwalk,
          minmay_circle_x, uniq_ijyb
D:4:      minmay_inner_zag, layout_basic, ebering_ghost_inner_flame,
          hangedman_decor_diamond_cutter, uniq_robin
D:5:      layout_rooms, old_standard_altar, serial_shops, kennysheep_little_box,
          kennysheep_mini, minmay_chambers_of_fives
D:6:      layout_cave_pools, fedhas_altar_2, minmay_ruffians

Skill      XL: |  1  2  3  4  5  6  7 |
---------------+----------------------+-----
Conjurations   | 4 5 6 |  6.0
Fighting       | 1 2 |  2.0
Armour         | 1 2 |  2.0
Spellcasting   | 3 |  3.8
Poison Magic   | 1 |  1.0
Dodging        | |  1.7
Stealth        | |  2.4

Action                   |  1- 3 |  4- 6 |  7- 9 || total
-------------------------+-------+-------+-------++-------
Melee: Short sword       |    11 |    26 |       ||    37
 Fire: Hunting sling     |       |    20 |     3 ||    23
 Cast: Magic Dart        |    35 |    20 |       ||    55
       Searing Ray       |     7 |    26 |     1 ||    34
 Abil: Dig               |     5 |    19 |     2 ||    26
Armor: Robe              |     4 |    18 |     1 ||    23
Dodge: Dodged            |    15 |    69 |     6 ||    90
